 Dungeon Crawl Stone Soup version 0.20.0-10-g0535bb4 (webtiles) character file.

74 MTVSty1e the Skirmisher (level 4, -1/29 HPs)
             Began as a Gargoyle Fighter on June 4, 2017.
             Slain by Sigmund
             ... wielding a +0 scythe
              (5 damage)
             ... on level 2 of the Dungeon.
             The game lasted 00:02:38 (1273 turns).

MTVSty1e the Skirmisher (Gargoyle Fighter)          Turns: 1273, Time: 00:02:39

Health: -1/29      AC: 12    Str: 25    XL:     4   Next: 30%
Magic:  4/4        EV:  7    Int:  9    God:
Gold:   76         SH:  9    Dex:  5    Spells: 3/3 levels left

rFire    . . .     SeeInvis .   a - +0 war axe
rCold    . . .     Gourm    .   c - +0 shield
rNeg     + . .     Faith    .   b - +0 scale mail
rPois    ∞         Spirit   .   (no helmet)
rElec    +         Reflect  .   (no cloak)
rCorr    .         Harm     .   (no gloves)
MR       +....                  k - +1 pair of boots
Stlth    ..........             (no amulet)
Regen    0.1/turn               g - ring of protection from magic
MPRegen  0.1/turn               n - -4 ring of dexterity (curse)

@: mighty
A: negative energy resistance 1, electricity resistance, unbreathing,
petrification resistance, rot immunity, AC +3
a: no special abilities


You were on level 2 of the Dungeon.
You were not hungry.

You visited 1 branch of the dungeon, and saw 2 of its levels.

You collected 76 gold pieces.

Inventory:

Hand Weapons
 a - a +0 war axe (weapon)
Armour
 b - a +0 scale mail (worn)
 c - a +0 shield (worn)
 k - a +1 pair of boots (worn)
Jewellery
 g - a ring of protection from magic (left hand)
 n - a cursed -4 ring of dexterity (right hand)
Scrolls
 e - 2 scrolls of teleportation
Potions
 h - a potion of resistance {unknown}
 i - a potion of degeneration {unknown}
 j - 2 potions of brilliance
 l - a potion of agility {unknown}
 m - a potion of flight {unknown}
Comestibles
 f - 4 bread rations


   Skills:
 + Level 4.0 Fighting
 * Level 3.5 Axes
 - Level 3.2 Armour
 - Level 3.2 Shields


You had 3 spell levels left.
You didn't know any spells.

Dungeon Overview and Level Annotations

Branches:
Dungeon (2/15)

Altars:

Annotations:
D:2 Sigmund


Innate Abilities, Weirdness & Mutations

You are resistant to torment.
Your stone body is resilient. (AC +3)
You are immune to poison.
You resist negative energy. (rN+)
You are resistant to electric shocks. (rElec)
You can survive without breathing.
You are immune to petrification.
You are immune to rotting.


Message History

The magic dart hits you!
You closely miss Sigmund.
Sigmund is lightly wounded.
Sigmund hits you but does no damage.
Your shield and scale mail prevent you from hitting Sigmund.
Sigmund is lightly wounded.
Sigmund gestures wildly while chanting.
Sigmund flickers and vanishes!
Deactivating autopickup; reactivate with Ctrl-A.
Something hits you.
You closely miss something. Something hits you but does no damage.
You closely miss something. Something hits you but does no damage.
You miss something. You barely miss something. Something hits you.
You hit something. Something hits you.
* * * LOW HITPOINT WARNING * * *
You miss something. Something hits you.
* * * LOW HITPOINT WARNING * * *
You miss something. Something hits you.
You die...

.##.# #.### ..#.# #.#
....# #.#
....###.#######
........<.....#
..#####.#####.# .##
#..## #.# #### .#
##...###.###...#
)#####..#.......@{..#
............#.###...#
..#.........#.# #.##
..#.........#.# .#
..#.........#.# #
............#.#
#.....>.....#.#
#...........#.#
#...........#.#


There were no monsters in sight!

Vanquished Creatures
  3 adders (D:2)
  2 worms (D:2)
  2 dart slugs (D:2)
  2 leopard geckos (D:1)
  3 giant cockroaches
  4 goblins
  6 hobgoblins
  A quokka (D:2)
  2 ball pythons
  2 bats (D:1)
  2 frilled lizards (D:2)
  2 kobolds (D:2)
  5 rats
36 creatures vanquished.

Notes
Turn   | Place    | Note
-------+----------+-------------------------------------------
     0 | D:1      | MTVSty1e the Gargoyle Fighter began the quest for the Orb.
     0 | D:1      | Reached XP level 1. HP: 14/14 MP: 1/1
   204 | D:1      | Reached XP level 2. HP: 19/19 MP: 2/2
   679 | D:2      | Reached XP level 3. HP: 23/23 MP: 3/3
  1011 | D:2      | Reached XP level 4. HP: 28/29 MP: 4/4
  1214 | D:2      | Reached skill level 4 in Fighting
  1255 | D:2      | Noticed Sigmund
  1273 | D:2      | Slain by Sigmund

Skill      XL: |  1  2  3  4 |
---------------+-------------+-----
Axes           | 2 3 |  3.5
Fighting       | 4 |  4.0
Armour         | |  3.2
Shields        | |  3.2

Action                   |  1- 3 |  4- 6 || total
-------------------------+-------+-------++-------
Melee: War axe           |    89 |    43 ||   132
  Use: Scroll            |       |     2 ||     2
       Potion            |       |     1 ||     1
  Eat: Chunk             |       |     1 ||     1
Armor: Scale mail        |    45 |    18 ||    63
Dodge: Dodged            |    30 |     8 ||    38
Block: Shield            |    44 |    12 ||    56
